 Dungeon Crawl Stone Soup version 0.19-a0-49-gb8736b8 (webtiles) character file.

11338 Zhenya25pyc the Basher (level 11, -1/62 HPs)
             Began as a Gargoyle Fighter on May 6, 2016.
             Was an Elder of Okawaru.
             Slain by Sl000nik's ghost (4 damage)
             ... on level 11 of the Dungeon.
             The game lasted 00:30:54 (10583 turns).

Zhenya25pyc the Basher (Gargoyle Fighter)          Turns: 10583, Time: 00:30:55

Health: -1/62      AC: 25    Str: 24      XL:     11   Next: 76%
Magic:  13/13      EV:  8    Int:  9 (10) God:    Okawaru [****..]
Gold:   305        SH: 17    Dex: 11 (12) Spells: 0 memorised, 10 levels left

rFire  x . .     SeeInvis .     r - +0 morningstar
rCold  + + .     Gourm    .     b - +0 scale mail
rNeg   + . .     Faith    .     D - +0 large shield
rPois  ∞         Spirit   .     z - +2 helmet
rElec  +         Dismiss  .     p - +0 cloak
rCorr  .         Reflect  .     u - +1 pair of gloves {Str+3}
SustAt .         Harm     .     (no boots)
MR     +....     Rnd*Tele +     (no amulet)
Stlth  ..........               A - ring of protection from magic
                                l - ring of ice

@: somewhat resistant to hostile enchantments, extremely unstealthy
A: talons 1, yellow scales 1, agile 1, cold resistance 1, deterioration 1, frail
1, low mp 1, negative energy resistance 1, electricity resistance, teleportitis
1, unbreathing, petrification resistance, rot immunity, MP-powered wands, AC +7
a: Heroism, Renounce Religion


You were on level 11 of the Dungeon.
You worshipped Okawaru.
Okawaru was greatly pleased with you.
You were not hungry.

You visited 2 branches of the dungeon, and saw 12 of its levels.

You collected 598 gold pieces.
You spent 293 gold pieces at shops.

Inventory:

Hand Weapons
 r - a +0 morningstar (weapon)
Armour
 b - a +0 scale mail (worn)
 p - a +0 cloak (worn)
 u - a +1 pair of gloves of strength (worn)
 z - a +2 helmet (worn)
 D - a +0 large shield (worn)
Jewellery
 c - an uncursed ring of see invisible
 l - a ring of ice (left hand)
 A - a ring of protection from magic (right hand)
Scrolls
 a - a scroll of blinking {unknown}
 h - 3 scrolls of random uselessness {unknown}
 j - a scroll of noise {unknown}
 k - 5 scrolls of teleportation
 m - a scroll of vulnerability {unknown}
 q - 2 scrolls of amnesia {unknown}
 w - 2 scrolls of enchant weapon
 y - a scroll of recharging {unknown}
 B - a scroll of identify
 E - a scroll of magic mapping {unknown}
 H - a scroll of immolation {unknown}
Potions
 d - 3 potions of might
 e - 4 potions of heal wounds
 g - a potion of curing
 i - 3 potions of agility
 o - a potion of lignification
 t - a potion of degeneration
 v - a potion of magic
 C - a potion of cure mutation
Comestibles
 f - 6 bread rations
 n - 4 meat rations
 s - 10 chunks of flesh
 x - a slice of pizza


   Skills:
 + Level 8.8 Fighting
 * Level 11.0 Maces & Flails
 + Level 8.8 Armour
 + Level 3.9 Dodging
 + Level 9.2 Shields
 + Level 5.1 Invocations


You had 10 spell levels left.
You didn't know any spells.

Dungeon Overview and Level Annotations

Branches:
Dungeon (11/15)            Temple (1/1) D:5            Lair (0/8) D:9
    Orc: D:9-12

Altars:
Ashenzari
Cheibriados
Dithmenos
Elyvilon
Fedhas
Kikubaaqudgha
Nemelex Xobeh
Okawaru
Pakellas
Qazlal
Ru
Sif Muna
Vehumet
Xom
Yredelemnul
Zin
The Shining One

Shops:
D:4 [(**?   D:5 }   D:6 =*[   D:9 !   D:10 [

Annotations:
D:11 Sl000nik's ghost, journeyman VSFi


Innate Abilities, Weirdness & Mutations

You are resistant to torment.
Your stone body is resilient (AC +7).
You are immune to poison.
You resist negative energy.
You are resistant to electric shocks.
You can survive without breathing.
You are immune to petrification.
You are immune to rotting.
You have sharp toenails.
You are partially covered in yellow scales (AC +2).
You are agile. (Dex +2)
Your flesh is cold resistant.
Your body sometimes deteriorates upon taking damage.
You are frail (-10% HP).
Your magical capacity is low (-10% MP).
You are occasionally teleported next to monsters.
You expend magic power (3 MP) to strengthen your wands.


Message History

The hippogriff claws you but does no damage.
You block Sl000nik's ghost's attack.
You completely miss Sl000nik's ghost.
You claw Sl000nik's ghost, but do no damage.
Sl000nik's ghost is severely damaged.
The hippogriff bites you but does no damage.
You block the hippogriff's attack. x2; Sl000nik's ghost hits you!
* * * LOW HITPOINT WARNING * * *
You puncture Sl000nik's ghost!
Sl000nik's ghost is almost destroyed.
The hippogriff misses you.
The hippogriff pecks you but does no damage.
You block the hippogriff's attack. You block Sl000nik's ghost's attack.
You closely miss Sl000nik's ghost.
You claw Sl000nik's ghost, but do no damage.
Sl000nik's ghost is almost destroyed.
You block the hippogriff's attack.
The hippogriff pecks you but does no damage.
You block the hippogriff's attack. Sl000nik's ghost hits you.
You die...

....... .......
....... .......
....... .......
#####H.......#
#...@W.......#
#...#........#
#...#........#
#...#........#
#...#........#
#...#........#
#...#........#
##...#'##.....#
#.......#.....#


You could see a hippogriff and Sl000nik's ghost.

Vanquished Creatures
  Snorg (D:10)
  Harold (D:10)
  Erolcha (D:8)
  Erica (D:8)
  The ghost of Duffy the Cleaver, a novice FoWr (D:8)
  Pikel (D:5)
  A centaur skeleton (D:10)
  A troll (D:9)
  A merfolk (D:10)
  A wyvern (D:10)
  13 yaks
  A hippogriff (D:10)
  A hungry ghost (D:11)
  A mottled dragon (D:11)
  2 ice beasts
  2 sky beasts
  A black bear (D:9)
  2 phantoms
  A necrophage (D:6)
  5 centaurs
  6 ogres
  A crocodile (D:10)
  Blork the orc (D:4)
  2 giant frogs
  A gnoll sergeant (D:8)
  10 killer bees
  5 wights
  4 howler monkeys (D:7)
  7 crimson imps
  4 orc priests
  7 orc wizards
  7 hounds
  5 jellies
  A giant frog skeleton (D:7)
  3 iguanas
  8 worker ants
  3 hound skeletons
  2 worker ant zombies
  12 gnolls
  A howler monkey skeleton (D:4)
  7 adders
  3 shadow imps
  An ooze (D:4)
  2 adder skeletons
  An adder zombie (D:7)
  A worm (D:2)
  2 dart slugs
  A giant gecko (D:3)
  33 orcs
  6 giant cockroaches
  7 goblins
  7 hobgoblins
  30 jackals
  A quokka (D:9)
  4 bats
  A giant gecko skeleton (D:8)
  A giant gecko zombie (D:7)
  2 giant newts (D:1)
  5 kobolds
  A quokka skeleton (D:3)
  A quokka zombie (D:7)
  11 rats
257 creatures vanquished.

Vanquished Creatures (others)
  A hound zombie (D:5)
  A giant cockroach (D:5)
2 creatures vanquished.

Grand Total: 259 creatures vanquished

Notes
Turn   | Place    | Note
--------------------------------------------------------------
     0 | D:1      | Zhenya25pyc the Gargoyle Fighter began the quest for the Orb.
     0 | D:1      | Reached XP level 1. HP: 14/14 MP: 1/1
   101 | D:1      | Reached XP level 2. HP: 17/19 MP: 2/2
   293 | D:1      | Reached XP level 3. HP: 8/23 MP: 3/3
   869 | D:2      | Found a blossoming altar of Fedhas.
  1131 | D:2      | Found a white marble altar of Elyvilon.
  1155 | D:2      | Found a glowing golden altar of the Shining One.
  1379 | D:2      | Found a snail-covered altar of Cheibriados.
  1476 | D:2      | Reached XP level 4. HP: 28/28 MP: 4/4
  1700 | D:3      | Reached skill level 3 in Maces & Flails
  2042 | D:3      | Reached XP level 5. HP: 31/33 MP: 5/5
  2801 | D:3      | Reached skill level 4 in Maces & Flails
  2801 | D:3      | Reached XP level 6. HP: 10/38 MP: 6/6
  3119 | D:3      | Found a faded altar to an unknown god.
  3501 | D:4      | Found Nucajule's Assorted Antiques.
  3508 | D:4      | Bought a pair of runed gloves for 112 gold pieces
  3590 | D:4      | Found Remeisuir's Antique Armour Shop.
  3618 | D:4      | Noticed a sky beast
  3665 | D:4      | Killed a sky beast
  3665 | D:4      | Reached skill level 5 in Armour
  3665 | D:4      | Reached XP level 7. HP: 25/44 MP: 7/7
  3868 | D:4      | Reached skill level 5 in Shields
  3968 | D:4      | Found Dija's Weapon Shop.
  3991 | D:4      | Found a radiant altar of Vehumet.
  4038 | D:4      | Found Esasog's Magic Scroll Shop.
  4039 | D:4      | Noticed Blork the orc
  4051 | D:4      | Killed Blork the orc
  4051 | D:4      | Reached skill level 5 in Maces & Flails
  4061 | D:4      | Bought a scroll of enchant weapon for 82 gold pieces
  4061 | D:4      | Bought a scroll of identify for 22 gold pieces
  4165 | D:4      | Found Cemyrph's Assorted Antiques.
  4263 | D:4      | Found a shadowy altar of Dithmenos.
  4536 | D:5      | Entered Level 5 of the Dungeon
  4557 | D:5      | Reached skill level 5 in Fighting
  4572 | D:5      | Found a staircase to the Ecumenical Temple.
  4658 | Temple   | Entered the Ecumenical Temple
  4717 | Temple   | Became a worshipper of Warmaster Okawaru
  4760 | D:5      | Found Vaic's Gadget Boutique.
  4768 | D:5      | Reached XP level 8. HP: 37/49 MP: 8/8
  4939 | D:5      | Reached skill level 6 in Maces & Flails
  4985 | D:5      | Noticed Pikel
  5003 | D:5      | Paralysed by Pikel for 6 turns
  5009 | D:5      | Killed Pikel
  5009 | D:5      | Reached * piety under Okawaru
  5116 | D:5      | Reached skill level 7 in Maces & Flails
  5233 | D:5      | Reached XP level 9. HP: 55/55 MP: 9/9
  5587 | D:6      | Found a shimmering altar of Xom.
  5618 | D:6      | Found Uryabror's General Store.
  5624 | D:6      | Bought a potion of mutation for 27 gold pieces
  5624 | D:6      | Gained mutation: You are partially covered in yellow scales (AC +2). [potion of mutation]
  5624 | D:6      | Gained mutation: You are occasionally teleported next to monsters. [potion of mutation]
  5624 | D:6      | Gained mutation: Your body sometimes deteriorates upon taking damage. [potion of mutation]
  5930 | D:6      | Found Rakhuil's Armour Shoppe.
  5983 | D:6      | Found Loacud's Jewellery Boutique.
  6127 | D:6      | Reached ** piety under Okawaru
  6271 | D:6      | Reached skill level 8 in Maces & Flails
  6896 | D:7      | Found a sparkling altar of Nemelex Xobeh.
  6915 | D:7      | Reached *** piety under Okawaru
  6915 | D:7      | Reached skill level 9 in Maces & Flails
  6915 | D:7      | Reached skill level 1 in Invocations
  6961 | D:7      | Reached XP level 10. HP: 57/63 MP: 10/10
  7126 | D:7      | Found an oddly glowing altar of Pakellas.
  7126 | D:7      | Noticed an eight-headed hydra
  7158 | D:8      | Noticed Erolcha
  7190 | D:8      | Killed Erolcha
  7190 | D:8      | Reached skill level 1 in Dodging
  7438 | D:8      | Noticed Erica
  7454 | D:8      | Killed Erica
  7663 | D:8      | Noticed Duffy's ghost (novice FoWr)
  7688 | D:8      | Killed Duffy's ghost
  7688 | D:8      | Reached **** piety under Okawaru
  8253 | D:9      | Reached skill level 10 in Maces & Flails
  8323 | D:9      | Reached XP level 11. HP: 58/68 MP: 12/14
  8413 | D:9      | Found a stormy altar of Qazlal.
  8438 | D:9      | Found a staircase to the Lair.
  8439 | D:9      | Found Paugam's Distillery.
  8445 | D:9      | Bought a potion of mutation for 25 gold pieces
  8445 | D:9      | Bought a potion of mutation for 25 gold pieces
  8445 | D:9      | Gained mutation: You expend magic power (3 MP) to strengthen your wands. [potion of mutation]
  8445 | D:9      | Gained mutation: You are frail (-10% HP). [potion of mutation]
  8445 | D:9      | Gained mutation: You have sharp toenails. [potion of mutation]
  8446 | D:9      | Gained mutation: You are agile. (Dex +2) [potion of mutation]
  8446 | D:9      | Gained mutation: Your magical capacity is low (-10% MP). [potion of mutation]
  8446 | D:9      | Gained mutation: Your flesh is cold resistant. [potion of mutation]
  8685 | D:9      | Found a sparkling altar of Nemelex Xobeh.
  8845 | D:10     | Entered Level 10 of the Dungeon
  8861 | D:10     | Noticed Snorg
  8877 | D:10     | Killed Snorg
  8877 | D:10     | Reached ***** piety under Okawaru
  8917 | D:10     | Found a deep blue altar of Sif Muna.
  8940 | D:10     | Noticed Harold
  8979 | D:10     | Killed Harold
  8979 | D:10     | Received a gift from Okawaru
  9743 | D:10     | Found Woicid's Armour Emporium.
 10084 | D:11     | Reached skill level 5 in Invocations
 10404 | D:11     | Reached skill level 11 in Maces & Flails
 10547 | D:11     | Noticed Sl000nik's ghost (journeyman VSFi)
 10581 | D:11     | HP: 3/62 [Sl000nik's ghost (12)]
 10583 | D:11     | Slain by Sl000nik's ghost

Vault maps used:
D:1:      sevenhm_arrival_forest_fort_large_2, grunt_decor_cap,
          serial_bayou_lake_a
D:2:      fedhas_altar_2, lemuel_coloured_pillars_altar,
          overflow_temple_1_default, first_bread, hex_large, elyvilon_altar_5
D:3:      ecumenical_altar_1, kennysheep_cross_room
D:4:      kennysheep_little_box, nicolae_dithmenos_through_a_glass_darkly,
          serial_shops, shop, shop, nicolae_shop_stone, shop, shop_scrolls,
          uniq_blork_the_orc
D:5:      temple_pool_a, serial_shops, shop, uniq_pikel
D:6:      marbit_many_paths, serial_shops, shop, nicolae_shop_trees,
          nicolae_shop_competitors_out_of_business, nicolae_underground_beach
D:7:      gammafunk_pakellas_cloud_experiment, basic_altar,
          minmay_strange_pillars
D:8:      uniq_erolcha, uniq_erica
D:9:      kennysheep_mini_moat, nicolae_overflow_hidden_temple,
          grunt_qazlal_clouds, lair_0_dummy, serial_shops, nicolae_shop_trees
D:10:     serial_shops, kennysheep_mini, hangedman_fish_farm,
          lemuel_blue_sif_altar, uniq_harold, uniq_snorg
D:11:     lab_entry_generic
Temple:   cyrus_temple_forest_13

Skill      XL: |  1  2  3  4  5  6  7  8  9 10 11 |
---------------+----------------------------------+-----
Armour         | 4 5 6 7 8 |  8.8
Maces & Flails | 3 4 5 7 9 10 11 | 11.0
Shields        | 4 5 6 7 8 9 |  9.2
Fighting       | 4 5 6 7 8 |  8.8
Invocations    | 1 4 5 |  5.1
Dodging        | 2 3 |  3.9

Action                   |  1- 3 |  4- 6 |  7- 9 | 10-12 || total
-------------------------+-------+-------+-------+-------++-------
Melee: Flail             |   184 |    54 |       |       ||   238
       Morningstar       |       |   256 |   565 |   517 ||  1338
       Kick              |       |       |       |    97 ||    97
Invok: Heroism           |       |       |     1 |     6 ||     7
  Use: Scroll            |       |       |     6 |     4 ||    10
       Potion            |       |       |     1 |     2 ||     3
  Eat: Chunk             |     2 |     7 |    13 |    12 ||    34
       Pizza             |       |       |       |     1 ||     1
       Beef jerky        |       |       |       |     1 ||     1
Armor: Scale mail        |   127 |   243 |   309 |   279 ||   958
Dodge: Dodged            |    60 |    91 |   154 |   143 ||   448
Block: Shield            |    89 |   172 |   170 |       ||   431
       Large shield      |       |       |   269 |   556 ||   825
